[Event "Titled Tuesday Blitz March 01 Early 2022"]
[White "Petrova, Irina"]
[Black "Bongo Akanga Ndjila, Barthelemy"]
[WhiteFideId "14124122"]
[BlackFideId "10609431"]
[WhiteElo "1988"]
[BlackElo "1803"]
[Result "1-0"]
[Round "04"]
[TimeControl "180+1"]
[Date "2022.03.01"]
[WhiteClock "0:01:16"]
[BlackClock "0:00:14"]

1. e4 g6 2. d4 d6 3. Nc3 Bg7 4. Be3 Nf6 5. h3 O-O 6. f4 Nc6 7. Nf3 Nh5 8. Bd3 e5 9. dxe5 dxe5 10. f5 Nd4 11. Qd2 Ng3 12. Rg1 gxf5 13. O-O-O f4 14. Bxd4 exd4 15. Nd5 Nh5 16. Kb1 c6 17. Nxf4 Bh6 18. g3 Bxh3 19. Qh2 Bg4 20. Rdf1 Bxf4 21. gxf4 Nf6 22. e5 h5 23. exf6 Qxf6 24. Rxg4+ hxg4 25. Qh7# 1-0


[Site "https://www.chess.com"]

[Event "Titled Tuesday Blitz March 01 Early 2022"]
[White "Pinheiro, Iung Alicio de O."]
[Black "Costachi, Mihnea"]
[WhiteFideId "2104350"]
[BlackFideId "1217518"]
[WhiteElo "2525"]
[BlackElo "2464"]
[Result "1-0"]
[Round "04"]
[TimeControl "180+1"]
[Date "2022.03.01"]
[WhiteClock "0:00:15"]
[BlackClock "0:00:13"]

1. e4 c5 2. Nf3 d6 3. Bb5+ Bd7 4. Bxd7+ Qxd7 5. O-O Nc6 6. b3 Nf6 7. Qe2 e5 8. c3 Be7 9. Bb2 O-O 10. d4 Rfe8 11. d5 Nd8 12. h3 Rf8 13. Nbd2 Ne8 14. Nh2 f5 15. exf5 Qxf5 16. Ng4 Nf6 17. c4 Nxg4 18. Qxg4 Qc2 19. Bc1 Qf5 20. Qxf5 Rxf5 21. Ne4 Rf8 22. Be3 Nf7 23. a3 Rac8 24. Rfc1 Nh8 25. g3 Ng6 26. Kg2 b6 27. Rab1 Rc7 28. b4 Kf7 29. bxc5 bxc5 30. Rb5 Rfc8 31. Rcb1 Ke8 32. Bd2 Rd7 33. Ba5 Nf8 34. Rb7 Bd8 35. Rxd7 Kxd7 36. Rb7+ Bc7 37. Rxa7 h6 38. a4 Nh7 39. Bb6 Nf6 40. Kf3 Ne8 41. a5 Kd8 42. Nc3 Rb8 43. Ra6 Bxb6 44. axb6 Nf6 45. Nb5 Nd7 46. b7 Rxb7 47. Rxd6 Ke7 48. Rc6 Rb8 49. Re6+ Kf8 50. Rc6 Ra8 51. Rc7 Ke8 52. Nd6+ Kd8 53. Rc6 Ra2 54. Ne4 Ra3+ 55. Kg2 Ra5 56. Nd6 Ke7 57. Ne4 Kf7 58. h4 Ke7 59. h5 Ra4 60. Nxc5 Nxc5 61. Rxc5 Ra3 62. Rc6 Rc3 63. c5 Kd7 64. Rd6+ Ke7 65. Re6+ Kf7 66. c6 Rd3 67. Rxe5 Kf6 68. f4 Rd2+ 69. Kh3 g5 70. hxg6 Kxg6 71. c7 Rc2 72. Re6+ Kf5 73. Rc6 Rxc6 74. dxc6 Kg6 75. c8=Q Kh5 76. Qf5# 1-0


[Site "https://www.chess.com"]

[Event "Titled Tuesday Blitz March 01 Early 2022"]
[White "Pischal, Yulia"]
[Black "Urazayev, Arystanbek"]
[WhiteFideId "14102390"]
[BlackFideId "13709810"]
[WhiteElo "1931"]
[BlackElo "2321"]
[Result "0-1"]
[Round "04"]
[TimeControl "180+1"]
[Date "2022.03.01"]
[WhiteClock "0:00:03"]
[BlackClock "0:01:14"]

1. e4 e5 2. Nf3 Nc6 3. Nc3 Nf6 4. g3 Bc5 5. Bg2 O-O 6. O-O d6 7. d3 h6 8. Be3 Bb6 9. h3 Be6 10. Kh2 Re8 11. Qd2 d5 12. exd5 Nxd5 13. Bxb6 axb6 14. a3 Nxc3 15. Qxc3 Bd5 16. Rae1 Qd6 17. Qd2 Re7 18. Nh4 Nd4 19. Bxd5 Qxd5 20. c3 Nc6 21. Nf5 Rd7 22. Re3 Rad8 23. Qe2 Qe6 24. g4 Qb3 25. Ng3 Qb5 26. f4 Rxd3 27. Rxd3 Qxd3 28. Qf2 e4 29. Re1 Re8 30. Re3 Qb1 31. Qe2 Qc1 32. Nxe4 Kf8 33. Kg2 g6 34. Kf3 Qh1+ 35. Qg2 Qxg2+ 36. Kxg2 f5 37. gxf5 gxf5 38. Kf3 fxe4+ 0-1


[Site "https://www.chess.com"]

[Event "Titled Tuesday Blitz March 01 Early 2022"]
[White "Polster, Christian"]
[Black "Golubev, Mikhail"]
[WhiteFideId "12965081"]
[BlackFideId "14100983"]
[WhiteElo "2316"]
[BlackElo "2374"]
[Result "0-1"]
[Round "04"]
[TimeControl "180+1"]
[Date "2022.03.01"]
[WhiteClock "0:00:07"]
[BlackClock "0:01:10"]

1. e4 c5 2. Nf3 d6 3. d4 Nf6 4. Nc3 cxd4 5. Nxd4 g6 6. Be3 Bg7 7. f3 a6 8. Qd2 Nbd7 9. Bh6 Bxh6 10. Qxh6 b5 11. O-O-O Bb7 12. Kb1 Rc8 13. h4 Rxc3 14. bxc3 Qc7 15. h5 Qxc3 16. hxg6 fxg6 17. Qd2 Qxd2 18. Rxd2 Nc5 19. g4 Nfxe4 20. fxe4 Nxe4 21. Rg2 e5 22. Nb3 Rf8 23. Kc1 Nc3 24. Rhg1 Rxf1+ 25. Rxf1 Bxg2 26. Rf2 Bd5 27. Kb2 Nd1+ 0-1


[Site "https://www.chess.com"]

[Event "Titled Tuesday Blitz March 01 Early 2022"]
[White "Prado Lobo, Jonas"]
[Black "Boraso, Alessio"]
[WhiteFideId "32050666"]
[BlackFideId "848077"]
[WhiteElo "2199"]
[BlackElo "2277"]
[Result "1/2-1/2"]
[Round "04"]
[TimeControl "180+1"]
[Date "2022.03.01"]
[WhiteClock "0:00:13"]
[BlackClock "0:00:19"]

1. d4 d5 2. Nc3 Nf6 3. Bf4 a6 4. e3 c5 5. Nf3 Nc6 6. dxc5 e6 7. Bd3 Bxc5 8. O-O O-O 9. e4 dxe4 10. Nxe4 Nxe4 11. Bxe4 Bd7 12. Qe2 Qf6 13. Bg5 Nd4 14. Qd2 Nxf3+ 15. Bxf3 Qf5 16. Qxd7 Qxg5 17. Qxb7 Rab8 18. Qxa6 Rxb2 19. Qc4 Rc8 20. Qe4 g6 21. a4 Qf6 22. a5 Ba7 23. c4 Qd4 24. Qxd4 Bxd4 25. a6 Ba7 26. Rfc1 Rxf2 27. c5 Rxc5 28. Rxc5 Bxc5 29. Kh1 Ba7 30. h3 Rb2 31. Rc1 Ra2 32. Bb7 Kg7 33. Kh2 Bb8+ 34. Kg1 Ba7+ 35. Kh2 h5 36. Rc3 Bb8+ 37. Kg1 Ba7+ 38. Kh2 h4 39. Rc4 Bb8+ 40. Kg1 Bg3 41. Kf1 Rf2+ 42. Ke1 Rc2+ 43. Kd1 Rxc4 44. a7 Ra4 45. a8=Q Rxa8 46. Bxa8 Kf6 47. Ke2 Ke5 48. Kf3 f5 49. Bb7 g5 50. Bc8 Kd5 51. Bd7 Kd6 52. Bc8 Ke7 53. Ke3 Kf6 54. Kf3 e5 55. Bd7 e4+ 56. Ke3 Ke5 57. Bc8 Bh2 58. Bb7 Bg1+ 59. Ke2 Ba7 60. Bc6 Kf4 61. Kf1 g4 62. hxg4 fxg4 63. Bb7 Bb6 64. Bc6 Bc5 65. Bb7 Ba7 66. Bc6 Bd4 67. Bb7 Be5 68. Bc6 Bd6 69. Bb7 Be7 70. Bc6 Bf8 71. Bb7 Bg7 72. Bc6 Bf6 73. Bb7 Be5 74. Bc6 Bd4 75. Bb7 Bb6 76. Bc6 e3 77. Bb5 Kg3 78. Bc6 Ba7 79. Ke2 Bc5 80. Kf1 Bd4 81. Bb7 Ba7 82. Bc6 Bb6 83. Bb5 Bc7 84. Bc6 Bf4 85. Bd5 Bg5 86. Bc6 Bh6 87. Bd5 Kf4 88. Bc6 Ke5 89. Ke2 Kf4 90. Kf1 Bg7 91. Bb7 Bb2 92. Bc6 Bc1 93. Bb7 Bd2 94. Bc6 Kg3 95. Bb7 Kh2 96. Bc8 h3 97. gxh3 g3 98. Bb7 Kxh3 99. Bf3 Kh4 100. Kg2 Be1 101. Be2 Bf2 102. Bd3 Kg5 103. Be2 Kf4 104. Bf1 Ke5 105. Kf3 Kd4 106. Be2 Kc3 107. Bb5 Kd2 108. Ba6 Ke1 109. Bb5 Kd2 110. Ba6 Kc2 111. Bb5 Kc3 112. Ba6 Kd4 113. Bb5 Ke5 114. Ba6 Kf6 115. Bb5 Kg5 116. Ba6 Kh4 117. Bf1 Kh5 118. Bg2 Kg5 119. Bf1 Kh4 120. Bg2 Kh5 121. Bf1 Kh6 122. Bg2 Kg7 123. Bf1 Kf6 124. Bg2 Ke5 125. Bf1 Kd4 126. Be2 Kc3 127. Bb5 Kd2 1/2-1/2


[Site "https://www.chess.com"]

[Event "Titled Tuesday Blitz March 01 Early 2022"]
[White "Quirke, Jeffrey"]
[Black "Chernomordik, Pavel"]
[WhiteFideId "2013029"]
[BlackFideId "2804530"]
[WhiteElo "2152"]
[BlackElo "2249"]
[Result "0-1"]
[Round "04"]
[TimeControl "180+1"]
[Date "2022.03.01"]
[WhiteClock "0:00:03"]
[BlackClock "0:00:24"]

1. c4 g6 2. g3 Bg7 3. Bg2 e5 4. Nc3 Nc6 5. d3 d6 6. Nf3 h6 7. O-O Be6 8. Nd5 Qd7 9. Re1 Nd8 10. Rb1 c6 11. Nc3 Bh3 12. Bh1 Nf6 13. b4 O-O 14. b5 Ng4 15. bxc6 bxc6 16. Ba3 f5 17. Qc2 Ne6 18. e3 Rac8 19. Rb2 f4 20. Ne4 c5 21. Qe2 fxe3 22. fxe3 g5 23. Reb1 Rc7 24. Rb5 Qe7 25. Bg2 Bxg2 26. Kxg2 h5 27. h3 Nh6 28. Bc1 Nf5 29. Rb8 Rcc8 30. Rxc8 Rxc8 31. Qb2 g4 32. hxg4 hxg4 33. Nh2 Ng5 34. Nxg5 Qxg5 35. e4 Ne3+ 36. Bxe3 Qxe3 37. Nxg4 Qxd3 0-1


[Site "https://www.chess.com"]

[Event "Titled Tuesday Blitz March 01 Early 2022"]
[White "Rangel, Daniel"]
[Black "Jaferian, Koosha"]
[WhiteFideId "2124475"]
[BlackFideId "12507440"]
[WhiteElo "2187"]
[BlackElo "2027"]
[Result "0-1"]
[Round "04"]
[TimeControl "180+1"]
[Date "2022.03.01"]
[WhiteClock "0:00:08"]
[BlackClock "0:00:36"]

1. e4 c6 2. d4 d5 3. e5 Bf5 4. c4 e6 5. Nc3 dxc4 6. Bxc4 Nd7 7. Nge2 Ne7 8. O-O Bg6 9. Bg5 Qc7 10. Ng3 Nf5 11. Nge4 h6 12. Bf4 Be7 13. Nd6+ Nxd6 14. exd6 Bxd6 15. Bxd6 Qxd6 16. Qg4 Nf6 17. Qh4 O-O 18. Rfe1 Rad8 19. Rad1 Rd7 20. Re5 Rfd8 21. Qg3 Bf5 22. Bb3 Qb4 23. Rxf5 exf5 24. Qh3 Rxd4 25. Re1 Re4 26. Rf1 Re5 27. Qg3 f4 28. Qh4 Qe7 29. h3 Re1 30. Qxf4 Rxf1+ 31. Kxf1 Nd5 32. Nxd5 cxd5 33. Kg1 d4 34. Qd2 d3 35. Bc4 Qf6 36. Bxd3 Qd4 0-1


[Site "https://www.chess.com"]

[Event "Titled Tuesday Blitz March 01 Early 2022"]
[White "Reprintsev, Alexander"]
[Black "Agibileg, Uurtsaikh"]
[WhiteFideId "14100541"]
[BlackFideId "4901606"]
[WhiteElo "2126"]
[BlackElo "2205"]
[Result "0-1"]
[Round "04"]
[TimeControl "180+1"]
[Date "2022.03.01"]
[WhiteClock "0:02:03"]
[BlackClock "0:02:17"]

1. e4 c5 2. b3 Nf6 3. e5 Nd5 4. Nc3 Nxc3 5. dxc3 Nc6 6. Nf3 d5 7. exd6 exd6 8. Bc4 Be7 9. Bf4 O-O 10. Qd2 Bg4 11. O-O-O Qa5 12. Kb2 Bf6 13. Rhe1 b5 14. Bd5 Nb4 0-1


[Site "https://www.chess.com"]

[Event "Titled Tuesday Blitz March 01 Early 2022"]
[White "Risteski, Emil"]
[Black "Van Foreest, Jorden"]
[WhiteFideId "15005267"]
[BlackFideId "1039784"]
[WhiteElo "2070"]
[BlackElo "2609"]
[Result "1/2-1/2"]
[Round "04"]
[TimeControl "180+1"]
[Date "2022.03.01"]
[WhiteClock "0:00:15"]
[BlackClock "0:00:16"]

1. e4 c5 2. Be2 Nc6 3. f4 Nf6 4. d3 Nd4 5. Nf3 Nxe2 6. Qxe2 g6 7. b3 Bg7 8. Bb2 O-O 9. O-O d5 10. e5 Ne8 11. c4 d4 12. b4 b6 13. Nbd2 Nc7 14. Ne4 Ne6 15. Nfg5 Nxg5 16. Nxg5 cxb4 17. e6 f5 18. Rfe1 Bb7 19. Nf7 Qc7 20. Ne5 Rfd8 21. Nf7 Qxf4 22. Nxd8 Rxd8 23. a3 b3 24. a4 Bh6 25. a5 Qe3+ 26. Qxe3 Bxe3+ 27. Kf1 f4 28. axb6 axb6 29. Ra7 Rb8 30. Ba3 f3 31. gxf3 Bxf3 32. Bxe7 Bg4 33. Bd6 Re8 34. e7 Bf5 35. Ke2 Bg4+ 36. Kf1 b2 37. Rb7 Bf5 38. Ke2 Bg5 39. Rxb6 Bxe7 40. Bxe7 Rxe7+ 41. Kd2 Rxe1 42. Kxe1 Bxd3 43. Rxb2 Bxc4 44. Rb4 Be6 45. Rxd4 Kg7 46. Kf2 Kf6 47. Rb4 g5 48. Rb6 h5 49. Kg2 h4 50. Kf2 Kf5 51. Rb4 Bd5 52. Rb5 Ke5 53. Rb4 Be6 54. Ke3 Kf6 55. Kd4 Kf5 56. Ke3 Bf7 57. Ra4 Be8 58. Rb4 Bd7 59. Kf2 Bc6 60. Ke3 Bd7 61. Rc4 Be6 62. Rb4 Bf7 63. Kf2 Be6 64. Kg1 Bf7 65. Kg2 Bd5+ 66. Kf2 Be6 67. Rd4 Ke5 68. Rb4 Bd5 69. Kg1 Be4 70. Kf2 Kf4 71. Rb8 Kg4 72. Kg1 Bf3 73. Rb4+ Kf5 74. Rb3 Bd5 75. Rc3 Kf4 76. Rc5 Be4 77. Rc4 g4 78. Rb4 g3 79. hxg3+ hxg3 80. Rb2 Kf3 81. Rb6 Kf4 82. Rb8 Kg4 83. Rd8 Kf4 84. Rf8+ Bf5 85. Rg8 Be4 86. Rg7 Bd5 87. Kf1 Bc4+ 88. Kg1 Bd5 89. Kf1 Be4 90. Kg1 Bd5 1/2-1/2


[Site "https://www.chess.com"]

[Event "Titled Tuesday Blitz March 01 Early 2022"]
[White "Roberson, Peter T"]
[Black "Wahedi, Ahmad Siar"]
[WhiteFideId "412384"]
[BlackFideId "4651260"]
[WhiteElo "2346"]
[BlackElo "2364"]
[Result "1-0"]
[Round "04"]
[TimeControl "180+1"]
[Date "2022.03.01"]
[WhiteClock "0:00:13"]
[BlackClock "0:00:01"]

1. e4 Nf6 2. Nc3 e6 3. d4 d5 4. e5 Nfd7 5. f4 c5 6. Nf3 Nc6 7. Be3 a6 8. Qd2 Be7 9. Be2 b5 10. Nd1 Bb7 11. c3 Qb6 12. Nf2 b4 13. O-O g6 14. g4 h5 15. h3 hxg4 16. hxg4 a5 17. Kg2 Ba6 18. Bxa6 Qxa6 19. Rh1 O-O-O 20. dxc5 Nxc5 21. cxb4 axb4 22. Rhc1 d4 23. Nxd4 Nxd4 24. Bxd4 Kb8 25. Qxb4+ Qb7+ 26. Qxb7+ Nxb7 27. Be3 Rd5 28. Kf3 g5 29. Rd1 Rxd1 30. Rxd1 gxf4 31. Kxf4 Kc7 32. Ne4 Rh2 33. Rd2 Rxd2 34. Bxd2 Nd8 35. Ba5+ Kc6 36. Bxd8 Bxd8 37. Nc3 Kc5 38. Ke4 Kc4 39. Ne2 Bb6 40. Nf4 Bd8 41. Nh3 Bh4 42. Ng1 Bd8 43. Nf3 Be7 44. Nd4 Bd8 45. Nc6 Bh4 46. Na5+ Kb5 47. Nb7 Kc6 48. Nd6 f6 49. Nc4 fxe5 50. Kxe5 Kd7 51. a4 Bg3+ 52. Ke4 Bc7 53. g5 Ke7 54. b4 Kf7 55. Ne5+ 1-0


[Site "https://www.chess.com"]

[Event "Titled Tuesday Blitz March 01 Early 2022"]
[White "Rodchenkov, Vitaly"]
[Black "Coto Mederos, Michel"]
[WhiteFideId "4152964"]
[BlackFideId "3508528"]
[WhiteElo "2337"]
[BlackElo "2427"]
[Result "0-1"]
[Round "04"]
[TimeControl "180+1"]
[Date "2022.03.01"]
[WhiteClock "0:01:48"]
[BlackClock "0:00:29"]

1. Nf3 d5 2. c4 d4 3. e3 c5 4. b4 cxb4 5. exd4 g6 6. Bb2 Bg7 7. a3 bxa3 8. Nxa3 Nf6 9. Be2 O-O 10. O-O Bf5 11. Re1 a5 12. Qb3 Qc8 13. Nb5 Nc6 14. d5 Nb4 15. Nfd4 Ne4 16. Nxf5 Qxf5 17. Bf3 Nxd2 18. Qa3 Nxf3+ 19. gxf3 Bxb2 20. Qxb2 Nd3 21. Qc3 Qg5+ 22. Kf1 Nxe1 23. Rxe1 a4 24. Re3 Rfc8 25. Qb4 Qf4 26. Qxe7 Qxc4+ 27. Kg2 Qxb5 28. d6 Rd8 29. Qf6 Qf5 0-1


[Site "https://www.chess.com"]

[Event "Titled Tuesday Blitz March 01 Early 2022"]
[White "Rostovtsev, Dmitry"]
[Black "Carlsson, Ludvig"]
[WhiteFideId "34278320"]
[BlackFideId "1727010"]
[WhiteElo "2218"]
[BlackElo "2178"]
[Result "1-0"]
[Round "04"]
[TimeControl "180+1"]
[Date "2022.03.01"]
[WhiteClock "0:00:19"]
[BlackClock "0:00:05"]

1. e4 e6 2. d4 d5 3. Nc3 Bb4 4. Qd3 dxe4 5. Qxe4 Nf6 6. Qh4 Nc6 7. Nf3 Ne7 8. Bd2 Nf5 9. Qh3 Nxd4 10. Nxd4 Qxd4 11. O-O-O Qg4 12. Nb5 Qxh3 13. gxh3 Bd6 14. Rg1 Bxh2 15. Rxg7 a6 16. Bg5 axb5 17. Bxf6 Bd7 18. Kb1 Bc6 19. Bg2 Bd6 20. Bxc6+ bxc6 21. f4 Ra4 22. Bg5 h6 23. Bf6 Rxf4 24. Bc3 b4 25. Bd2 Rd4 26. c3 bxc3 27. bxc3 Rd3 28. Kc2 Rxh3 29. a4 Ke7 30. Rf1 Rf8 31. a5 Rh5 32. c4 Rh2 33. a6 Bb4 34. a7 Rxd2+ 35. Kb3 Bc5 36. Rfxf7+ Rxf7 37. Rxf7+ Kxf7 38. a8=Q Rd3+ 39. Kc2 Bd6 40. Kxd3 1-0


[Site "https://www.chess.com"]

[Event "Titled Tuesday Blitz March 01 Early 2022"]
[White "Rozhkov, Viacheslav"]
[Black "Hakemi, Arman"]
[WhiteFideId "4181484"]
[BlackFideId "22520805"]
[WhiteElo "2324"]
[BlackElo "2208"]
[Result "0-1"]
[Round "04"]
[TimeControl "180+1"]
[Date "2022.03.01"]
[WhiteClock "0:00:06"]
[BlackClock "0:01:28"]

1. e4 c5 2. Nf3 e6 3. d4 cxd4 4. Nxd4 Nc6 5. Nc3 Qc7 6. g3 a6 7. Bg2 Nf6 8. O-O Nxd4 9. Qxd4 Bc5 10. Bf4 d6 11. Qd2 h6 12. Rad1 e5 13. Be3 Bb4 14. Nb5 axb5 15. Qxb4 Rxa2 16. Rxd6 O-O 17. Rfd1 Qxc2 18. R6d2 Qc4 19. Qe7 Bg4 20. f3 Be6 21. Bxh6 Re8 22. Rd8 Rxd8 23. Qxd8+ Kh7 24. Bg5 Rxb2 25. Qd3 Qa2 26. Bf1 Bc4 27. Qe3 Bxf1 28. Rxf1 Rg2+ 0-1


[Site "https://www.chess.com"]

[Event "Titled Tuesday Blitz March 01 Early 2022"]
[White "Sadhwani, Raunak"]
[Black "Rustemov, Alexander"]
[WhiteFideId "35093487"]
[BlackFideId "4119002"]
[WhiteElo "2616"]
[BlackElo "2803"]
[Result "1-0"]
[Round "04"]
[TimeControl "180+1"]
[Date "2022.03.01"]
[WhiteClock "0:00:14"]
[BlackClock "0:00:04"]

1. d4 d5 2. Nf3 Nf6 3. Bf4 c5 4. e3 Nc6 5. Nbd2 cxd4 6. exd4 Bg4 7. c3 e6 8. Bd3 Bd6 9. Bxd6 Qxd6 10. O-O O-O 11. Re1 Rab8 12. a4 Rfc8 13. h3 Bxf3 14. Nxf3 a6 15. Qe2 Nd7 16. h4 h6 17. a5 Qc7 18. b4 Ne7 19. Ra3 Qd6 20. Qd2 Rc7 21. g3 Rbc8 22. Re3 Nf6 23. Ne5 Nd7 24. Nf3 Nf6 25. Bb1 Nc6 26. Kg2 Na7 27. Rb3 Nb5 28. Ne5 Ne4 29. Bxe4 dxe4 30. c4 Qxd4 31. Qb2 Qxb2 32. Rxb2 Nd6 33. c5 Nb5 34. Rd2 f5 35. h5 Na7 36. f3 exf3+ 37. Kxf3 Nc6 38. Nxc6 bxc6 39. Rxe6 Rb8 40. Rd4 Kf7 41. Re5 Kf6 42. Kf4 Rcb7 43. Rxf5+ Ke7 44. Re4+ Kd8 45. Rf8+ Kd7 46. Rf7+ Kd8 47. Rf8+ Kd7 48. Rxb8 Rxb8 49. Kf5 Rf8+ 50. Kg6 Rf3 51. g4 1-0


[Site "https://www.chess.com"]

[Event "Titled Tuesday Blitz March 01 Early 2022"]
[White "Santos Flores, Alberto"]
[Black "Rudzinska, Michalina"]
[WhiteFideId "3601234"]
[BlackFideId "1172883"]
[WhiteElo "2293"]
[BlackElo "1904"]
[Result "1-0"]
[Round "04"]
[TimeControl "180+1"]
[Date "2022.03.01"]
[WhiteClock "0:00:15"]
[BlackClock "0:00:04"]

1. e4 g5 2. d4 Bg7 3. Nc3 c5 4. d5 h6 5. Nf3 d6 6. Be2 Nf6 7. O-O Nbd7 8. a4 Nf8 9. h4 g4 10. Nd2 h5 11. Nc4 Ng6 12. Bg5 Nh7 13. Qd2 a6 14. Bh6 Bf6 15. g3 Bd7 16. a5 Qc7 17. Nb6 Rd8 18. Nc4 Ne5 19. Nxe5 Bxe5 20. Kg2 Nf6 21. Bf4 Kf8 22. Bxe5 dxe5 23. b3 Ne8 24. Nd1 Nd6 25. Bd3 Qc8 26. Ne3 f5 27. exf5 Nxf5 28. Nxf5 Bxf5 29. Bxf5 Qxf5 30. c4 e6 31. f3 Kg7 32. fxg4 Qe4+ 33. Kh2 Qxg4 34. Qe3 Rhf8 35. Qxe5+ Kg8 36. Rxf8+ Rxf8 37. Qxe6+ Qxe6 38. dxe6 Rf2+ 39. Kh3 Re2 40. Rd1 Rxe6 41. Rd5 Re3 42. Rxh5 Rxb3 43. Rxc5 Kg7 44. h5 b6 45. Rc7+ Kh6 46. Rc6+ Kxh5 47. axb6 a5 48. c5 a4 49. Rc8 a3 50. Ra8 Rb5 51. Rxa3 Rxc5 52. Rb3 Rc8 53. b7 Rb8 54. Rb5+ Kg6 55. Kg4 Kf6 56. Rb6+ Ke5 57. Kh5 Kd5 58. g4 Kc5 59. Rb1 Kc6 60. g5 Kc7 61. g6 Rh8+ 62. Kg5 Kb8 63. g7 Rd8 64. Kg6 Rd6+ 65. Kh7 Rd7 66. Kh8 1-0


[Site "https://www.chess.com"]

[Event "Titled Tuesday Blitz March 01 Early 2022"]
[White "Sargsyan, Anna M."]
[Black "Samadov, Read"]
[WhiteFideId "13308130"]
[BlackFideId "13417444"]
[WhiteElo "2271"]
[BlackElo "2084"]
[Result "0-1"]
[Round "04"]
[TimeControl "180+1"]
[Date "2022.03.01"]
[WhiteClock "0:00:22"]
[BlackClock "0:00:20"]

1. d4 Nf6 2. c4 e6 3. Nf3 d5 4. Nc3 Bb4 5. Bg5 h6 6. Bxf6 Qxf6 7. Qa4+ Nc6 8. e3 O-O 9. Bd3 dxc4 10. Bxc4 Bd7 11. Qc2 e5 12. O-O exd4 13. Nd5 Qd6 14. exd4 Be6 15. Ne3 Bxc4 16. Qxc4 Ba5 17. a3 Bb6 18. Rad1 Rad8 19. Rfe1 Rfe8 20. g3 Qf6 21. Kg2 Nxd4 22. Nxd4 Rxd4 23. Ng4 Qc6+ 24. Qxc6 Rxe1 25. Rxe1 bxc6 26. Re8+ Kh7 27. Ne5 Re4 28. Kf3 Re1 29. Re7 Bc5 30. Rxc7 Rxe5 31. Rxc6 Bb6 32. g4 Re6 33. Rc8 Rf6+ 34. Ke4 Rxf2 35. h4 Rxb2 0-1


[Site "https://www.chess.com"]

[Event "Titled Tuesday Blitz March 01 Early 2022"]
[White "Selkirk, Rebecca"]
[Black "Tashkov, Rumen"]
[WhiteFideId "14306514"]
[BlackFideId "2904004"]
[WhiteElo "1649"]
[BlackElo "2181"]
[Result "1-0"]
[Round "04"]
[TimeControl "180+1"]
[Date "2022.03.01"]
[WhiteClock "0:00:08"]
[BlackClock "0:00:01"]

1. e4 d6 2. d4 Nf6 3. Nc3 g6 4. Be3 Bg7 5. Qd2 c6 6. O-O-O b5 7. f3 Qa5 8. e5 Nfd7 9. exd6 exd6 10. Ne4 Qxd2+ 11. Rxd2 Ke7 12. d5 Bb7 13. dxc6 Bxc6 14. Nxd6 a6 15. Ne2 Rd8 16. Ne4 Bxe4 17. fxe4 Nc6 18. g3 Nde5 19. Nf4 Rxd2 20. Bxd2 Kf8 21. Bg2 Nc4 22. Rd1 Bxb2+ 23. Kb1 Be5 24. Nd5 Rc8 25. Bh3 Na3+ 26. Kc1 f5 27. exf5 Ne7 28. Ne3 Rc6 29. Bb4 Nc4 30. Nxc4 Rxc4 31. Rd8+ Kf7 32. Bxe7 Kxe7 33. Ra8 gxf5 34. Bxf5 h6 35. Bd3 Ra4 36. Ra7+ Kd6 37. Rh7 Kc5 38. Rxh6 Kd4 39. Kd2 Ra3 40. Rh4+ 1-0


[Site "https://www.chess.com"]

[Event "Titled Tuesday Blitz March 01 Early 2022"]
[White "Seo, Jung Min"]
[Black "Demchenko, Anton"]
[WhiteFideId "1734687"]
[BlackFideId "4160258"]
[WhiteElo "2401"]
[BlackElo "2539"]
[Result "1-0"]
[Round "04"]
[TimeControl "180+1"]
[Date "2022.03.01"]
[WhiteClock "0:00:22"]
[BlackClock "0:00:03"]

1. e4 e5 2. Nf3 Nc6 3. Bb5 a6 4. Ba4 Nge7 5. O-O Ng6 6. c3 d6 7. d4 Bd7 8. Re1 Be7 9. Be3 O-O 10. Nbd2 b5 11. Bb3 exd4 12. cxd4 Na5 13. Bc2 c5 14. d5 Bf6 15. Rb1 Nc4 16. Nxc4 bxc4 17. Qe2 c3 18. bxc3 Bxc3 19. Rec1 Bf6 20. Bd3 Bg4 21. h3 Bxf3 22. Qxf3 Ne5 23. Qe2 Nxd3 24. Qxd3 Qa5 25. Bf4 Rfd8 26. Rc2 g6 27. g3 Bd4 28. Kg2 Rd7 29. h4 h5 30. Bd2 Qd8 31. Bf4 Qe7 32. Rc4 Be5 33. Bg5 Qe8 34. Ra4 Rda7 35. Ra3 a5 36. Qb5 Bd4 37. Qxe8+ Rxe8 38. Kf3 Ra6 39. Ra4 Rc8 40. Rc4 a4 41. Rb5 Kf8 42. Be3 Bxe3 43. Kxe3 Ke7 44. f4 Kf6 45. e5+ dxe5 46. Rbxc5 exf4+ 47. Kxf4 Rxc5 48. Rxc5 Ke7 49. Ke5 f6+ 50. Kd4 Rb6 51. Ra5 Rb4+ 52. Kc5 Rb2 53. Ra7+ Ke8 54. Rxa4 g5 55. Kc6 Rg2 56. d6 Rc2+ 57. Kd5 Kf7 58. Ra7+ Kg6 59. d7 Rd2+ 60. Ke6 Re2+ 61. Kd6 Rd2+ 62. Kc7 Rc2+ 63. Kb8 Rd2 64. Kc8 Rc2+ 65. Rc7 Rxa2 66. d8=Q Ra8+ 67. Kd7 Rxd8+ 68. Kxd8 Kf5 69. Rc4 Ke5 70. Ke7 gxh4 71. Rxh4 Kf5 72. Kf7 Kg5 73. Ke6 f5 74. Ke5 1-0


[Site "https://www.chess.com"]

[Event "Titled Tuesday Blitz March 01 Early 2022"]
[White "Shtyka, Sergey"]
[Black "Csonka, Balazs"]
[WhiteFideId "4138465"]
[BlackFideId "742910"]
[WhiteElo "2014"]
[BlackElo "2404"]
[Result "1/2-1/2"]
[Round "04"]
[TimeControl "180+1"]
[Date "2022.03.01"]
[WhiteClock "0:00:05"]
[BlackClock "0:00:03"]

1. e4 e5 2. Nf3 Nc6 3. Nc3 Nf6 4. Bb5 Bb4 5. O-O O-O 6. d3 Bxc3 7. bxc3 d6 8. Bxc6 bxc6 9. Bg5 h6 10. Bh4 Bg4 11. h3 Bxf3 12. Qxf3 g5 13. Bg3 Qe7 14. Rab1 Rab8 15. Rb3 Rb6 16. Rfb1 Rfb8 17. Qe2 c5 18. c4 Nd7 19. f3 Nf8 20. Bf2 Ne6 21. Be3 Kg7 22. Qe1 c6 23. Qa5 Qc7 24. Qe1 f6 25. h4 Qf7 26. Qg3 Qh5 27. Kf2 Qxh4 28. Qxh4 gxh4 29. Rh1 Nd4 30. Bxd4 cxd4 31. Rxh4 a5 32. Ke2 a4 33. Ra3 Rb1 34. Rxa4 Rc1 35. Ra7+ Kg6 36. Kf2 Rxc2+ 37. Kg3 h5 38. Ra6 Rbb2 39. Rh2 c5 40. Rxd6 Rxa2 41. Rc6 Ra3 42. Rxc5 Rxd3 43. Rc8 Rdc3 44. Rg8+ Kf7 45. Rh8 d3 46. R2xh5 Rxc4 47. R5h7+ Kg6 48. Rh6+ Kg7 49. R6h7+ Kg6 50. Rd7 Rd4 51. Rg8+ Kh6 52. Rh8+ Kg6 53. Rg8+ Kh6 54. Rh8+ Kg6 1/2-1/2


[Site "https://www.chess.com"]

[Event "Titled Tuesday Blitz March 01 Early 2022"]
[White "Shubenkova, Veronika"]
[Black "P., Komal Kishore"]
[WhiteFideId "44124040"]
[BlackFideId "5016703"]
[WhiteElo "1938"]
[BlackElo "2070"]
[Result "0-1"]
[Round "04"]
[TimeControl "180+1"]
[Date "2022.03.01"]
[WhiteClock "0:01:07"]
[BlackClock "0:01:11"]

1. e4 c6 2. d4 d5 3. exd5 cxd5 4. Nf3 Nc6 5. c3 Bg4 6. Be2 e6 7. O-O Nf6 8. Bg5 Be7 9. Nbd2 O-O 10. h3 Bh5 11. Re1 a6 12. Qb3 b5 13. Ne5 Na5 14. Qc2 Bxe2 15. Rxe2 h6 16. Bxf6 Bxf6 17. Ndf3 Nc4 18. Nxc4 bxc4 19. Rae1 Rb8 20. Qd2 Rb5 21. Qf4 Qb6 22. Rb1 Rb8 23. Kh1 Qa5 24. a3 Rb3 25. Qc1 Qb5 26. Qf4 Rxc3 27. bxc3 Qxb1+ 28. Kh2 Rb2 29. Rd2 Qc1 30. Qe3 Bg5 0-1


[Site "https://www.chess.com"]

[Event "Titled Tuesday Blitz March 01 Early 2022"]
[White "Shukhman, Anna"]
[Black "Kaplan, Ebru"]
[WhiteFideId "54180058"]
[BlackFideId "6315194"]
[WhiteElo "1628"]
[BlackElo "1941"]
[Result "1-0"]
[Round "04"]
[TimeControl "180+1"]
[Date "2022.03.01"]
[WhiteClock "0:01:56"]
[BlackClock "0:01:04"]

1. e4 c5 2. Nf3 d6 3. d4 cxd4 4. Nxd4 Nf6 5. Nc3 a6 6. Qd3 e5 7. Nf5 Bxf5 8. exf5 Nc6 9. Bg5 Be7 10. O-O-O b5 11. Bxf6 gxf6 12. g3 Rc8 13. Kb1 b4 14. Nd5 Nd4 15. Nxb4 a5 16. Nd5 Rxc2 17. Qe3 Qb8 18. b3 Qc8 19. Rxd4 Rc1+ 20. Qxc1 Qxc1+ 21. Kxc1 exd4 22. Bb5+ 1-0


[Site "https://www.chess.com"]